 Dungeon Crawl Stone Soup version 0.32-a0-720-g1d96ad090f (webtiles) character file.

Game seed: 10937287811762046327

16608 ldsgenter the Fighter (level 12, -5/114 HPs)
             Began as a Naga Hedge Wizard on Mar 15, 2024.
             Was a Believer of Cheibriados.
             Incinerated by a deep elf pyromancer (12 damage)
             ... with a pyre arrow
             ... on level 12 of the Dungeon on Mar 16, 2024.
             The game lasted 02:01:10 (10993 turns).

ldsgenter the Fighter (Naga Hedge Wizard)          Turns: 10993, Time: 02:01:10

Health: -5/114     AC: 10    Str: 18    XL:     12   Next: 39%
Magic:  24/24      EV: 10    Int: 24    God:    Cheibriados [**....]
Gold:   235        SH:  6    Dex: 22    Spells: 7/28 levels left

rFire   + . .        E - +3 broad axe (heavy)
rCold   + . .        w - +0 buckler
rNeg    . . .        G - +0 acid dragon scales
rPois   +            m - +0 helmet
rElec   +            u - scarf {repulsion}
rCorr   +            h - +0 pair of gloves
SInv    +            (no barding)
Will    +....        t - amulet of regeneration
Stlth   ++           f - +6 ring of dexterity
HPRegen 1.19/turn    l - ring of wizardry
MPRegen 0.19/turn

%: repel missiles, wizardry (x1)
@: on fire, resistant, on blink cooldown, glowing, very slow
A: AC +4, large, see invisible, deformed body, poison resistance, slowness 2,
spit poison 1, naga tail 1
a: Spit Poison, Renounce Religion, Bend Time


You were on level 12 of the Dungeon.
You worshipped Cheibriados.
Cheibriados was pleased with you.
You visited 2 branches of the dungeon, and saw 13 of its levels.

You collected 526 gold pieces.
You spent 291 gold pieces at shops.

Inventory:

Hand Weapons
 k - a +2 war axe of flaming
 A - the +7 short sword "Sibucic" {vamp, rElec}
   (You found it on level 4 of the Dungeon)

   rElec:     It insulates you from electricity.
 E - a +3 heavy broad axe (weapon)
Missiles
 y - 2 throwing nets
 B - 17 poisoned darts (quivered)
 I - 5 boomerangs
Armour
 h - a +0 pair of gloves (worn)
 j - +0 steam dragon scales
 m - a +0 helmet (worn)
 u - a scarf of repulsion (worn)
 w - a +0 buckler (worn)
 C - a +2 scale mail of fire resistance
 G - +0 acid dragon scales (worn)
 L - an orb of light
Jewellery
 f - a +6 ring of dexterity (left hand)
 l - a ring of wizardry (right hand)
 o - a +6 ring of strength
 r - a ring of flight
 t - an amulet of regeneration (around neck)
Wands
 F - a wand of charming (7)
 M - a wand of mindburst (10)
Scrolls
 e - a scroll of silence
 s - a scroll of immolation
 x - 2 scrolls of vulnerability
 H - 2 scrolls of teleportation
 J - a scroll of enchant armour
 K - 3 scrolls of blinking
Potions
 a - 2 potions of resistance
 c - a potion of attraction
 d - a potion of magic
 g - a potion of cancellation
 i - 5 potions of lignification
 n - a potion of invisibility
 q - a potion of brilliance {unknown}
 v - a potion of mutation
 D - 2 potions of might


   Skills:
 * Level 9.1 Fighting
 - Level 2.0 Short Blades
 - Level 6.0 Axes
 - Level 3.0 Armour
 - Level 4.0 Dodging
 - Level 8.0 Stealth
 * Level 4.8 Shields
 * Level 8.8 Spellcasting
 - Level 5.0 Conjurations
 - Level 1.0 Summonings
 - Level 1.0 Translocations
 - Level 5.0 Fire Magic
 - Level 3.0 Air Magic
 - Level 4.7 Earth Magic
 - Level 5.0 Alchemy
 - Level 2.0 Evocations


You had 7 spell levels left.
You knew the following spells:

 Your Spells              Type           Power      Damage    Failure   Level
a - Magic Dart            Conj           100%       1d8       1%          1
c - Mephitic Cloud        Conj/Alch/Air  31%        N/A       1%          3
d - Blink                 Tloc           30%        N/A       4%          2
e - Leda's Liquefaction   Alch/Erth      16%        N/A       6%          4
f - Fireball              Conj/Fire      17%        3d9       14%         5
g - Lesser Beckoning      Tloc           30%        N/A       4%          2
h - Sticky Flame          Fire/Alch      34%        2d7       5%          4

Your spell library contained the following spells:

 Spells                   Type           Power      Damage    Failure   Level
 Cigotuvi's Dreadful Rot  Necr/Alch/Air  46%        N/A       1%          2
 Momentum Strike          Conj/Tloc      50%        3d9       1%          2
 Volatile Blastmotes      Fire/Tloc      50%        2d14      3%          3
 Slow                     Hex            40%        N/A       4%          1
 Call Imp                 Summ           30%        N/A       4%          2
 Fulminant Prism          Conj/Alch      17%        3d10      5%          4
 Ignite Poison            Fire/Alch      34%        N/A       5%          4
 Ensorcelled Hibernation  Hex/Ice        20%        N/A       6%          2
 Petrify                  Alch/Erth      33%        N/A       6%          4
 Fugue of the Fallen      Necr           10%        N/A       12%         3
 Iskenderun's Mystic Bla  Conj/Tloc      25%        2d7       12%         4
 Anguish                  Hex/Necr       5%         N/A       36%         4
 Cause Fear               Hex            5%         N/A       36%         4
 Metabolic Englaciation   Hex/Ice        5%         N/A       69%         5
 Ignition                 Fire           17%        3d7       100%        8
 Dragon's Call            Summ           7%         N/A       100%        9


Dungeon Overview and Level Annotations

Branches:
Dungeon (12/15)            Temple (1/1) D:4            Lair (0/5) D:11
    Orc (0/2) D:12

Altars:
Ashenzari
Cheibriados
Dithmenos
Elyvilon
Fedhas
Gozag
Hepliaklqana
Kikubaaqudgha
Makhleb
Nemelex Xobeh
Okawaru
Qazlal
Ru
Sif Muna
Trog
Uskayaw
Vehumet
Wu Jian
Xom
Yredelemnul
Zin
The Shining One

Shops:
D:4 *   D:7 :   D:8 ?

Annotations:
D:11 Vault with rock walls.


Innate Abilities, Weirdness & Mutations

Your serpentine skin is tough. (AC +4)
You have supernaturally acute eyesight. (SInv)
Armour fits poorly on your strangely shaped body.
Your system is resistant to poisons. (rPois)
You cover ground very slowly.
You can spit poison.
You have a snake-like lower body.


Message History

The liquid fire burns you!
* * * LOW HITPOINT WARNING * * *
The two-headed ogre is engulfed in noxious fumes.
The deep elf pyromancer gestures wildly.
Casting: Mephitic Cloud (safe; 1% risk of failure)
Confirm with . or Enter, or press ? or * to list all spells.
You blink.
Found an escape hatch in the ceiling.
The liquid fire burns you!
* * * LOW HITPOINT WARNING * * *
The deep elf pyromancer is engulfed in noxious fumes.
You feel better. The liquid fire burns you!
* * * LOW HITPOINT WARNING * * *
The two-headed ogre looks more healthy.
The two-headed ogre is engulfed in noxious fumes.
The two-headed ogre appears confused.
The deep elf pyromancer is engulfed in noxious fumes.
The deep elf pyromancer appears confused.
You feel protected. The liquid fire burns you!
* * * LOW HITPOINT WARNING * * *
Okay, then.
Unknown command.
Unknown command.
You are confused.
You feel invigorated. The liquid fire burns you!
* * * LOW HITPOINT WARNING * * *
The two-headed ogre is engulfed in noxious fumes.
The liquid fire burns you!
* * * LOW HITPOINT WARNING * * *
The liquid fire burns you!
* * * LOW HITPOINT WARNING * * *
You feel less invigorated.
You feel less confused.
Okay, then.
You shake off some of the fire as you move.
The liquid fire burns you!
You die...
Cheibriados appreciates the motionlessness of death.

# #......#.....#
# #......#(○...#
########.....#
.............#
.............#
.............#
.......○.e...###
#####..O.......#
#.☼...@....#
#..........#
###........#
#........#
#........#
#........#
#....<####
#.....#


You could see a two-headed ogre (confused) and a deep elf pyromancer (confused).

Vanquished Creatures
  2 two-headed ogres
  A wolf spider zombie (D:10)
  A manticore (D:12)
  2 cyclopes
  4 centaur zombies (D:10)
  An elephant (D:11)
  A centaur skeleton (D:10)
  3 gargoyles
  Maggie (D:7)
  A kobold demonologist (D:12)
  A komodo dragon (D:11)
  A troll (shapeshifter) (D:10)
  2 hellwings (D:10)
  2 hornets
  Grinder (D:5)
  A troll (D:11)
  4 slime creatures (D:12)
  Sigmund (D:2)
  3 shadows (D:11)
  3 wraiths
  A wyvern (shapeshifter) (D:9)
  A wyvern (D:9)
  12 yaks
  5 steam dragons
  2 acid dragons
  3 water moccasins
  2 sky beasts
  An ice beast (D:7)
  2 black bears
  An ogre (D:5)
  4 centaurs
  5 kobold brigands
  7 bullfrogs
  A gnoll sergeant (D:9)
  3 scorpions
  6 wights (D:7)
  11 killer bees
  4 howler monkeys
  An electric eel (D:11)
  4 hounds
  6 jellies
  Crazy Yiuf (D:4)
  A gnoll bouda (D:8)
  An orc priest (D:8)
  A sleepcap (D:7)
  9 iguanas
  5 orc wizards
  Robin (D:4)
  13 gnolls
  7 adders
  5 shadow imps
  4 white imps
  4 ufetubi
  2 ribbon worms
  A dart slug (D:4)
  22 orcs
  10 bats
  11 endoplasms
  3 giant cockroaches
  14 goblins
  12 hobgoblins
  5 jackals (D:4)
  2 quokkas
  14 ball pythons
  7 frilled lizards
  28 kobolds
  7 rats
308 creatures vanquished.

Vanquished Creatures (collateral kills)
  An endoplasm (D:3)
1 creature vanquished.

Grand Total: 309 creatures vanquished

Notes
Turn   | Place    | Note
-------+----------+-------------------------------------------
     0 | D:1      | ldsgenter the Naga Hedge Wizard began the quest for the
                  | Orb.
     0 | D:1      | Reached XP level 1. HP: 15/15 MP: 4/4
     1 | D:1      | Upgraded the game from 0.32-a0-711-g016ad743e0 to
                  | 0.32-a0-720-g1d96ad090f
   196 | D:1      | Reached XP level 2. HP: 22/22 MP: 0/6
   199 | D:1      | Learned a level 2 spell: Call Imp
   634 | D:1      | Reached XP level 3. HP: 28/28 MP: 5/8
  1035 | D:1      | Learned a level 3 spell: Mephitic Cloud
  1038 | D:1      | Learned a level 2 spell: Blink
  1358 | D:2      | Noticed Sigmund
  1720 | D:2      | Reached skill level 1 in Air Magic
  1720 | D:2      | Reached skill level 1 in Alchemy
  1720 | D:2      | Reached XP level 4. HP: 30/36 MP: 9/9
  1922 | D:3      | Found a shadowy altar of Dithmenos.
  2272 | D:3      | Reached XP level 5. HP: 38/42 MP: 8/10
  2454 | D:2      | Killed Sigmund
  2455 | D:2      | Reached XP level 6. HP: 34/49 MP: 2/11
  2744 | D:3      | Found a white marble altar of Elyvilon.
  2748 | D:3      | Found a stormy altar of Qazlal.
  2752 | D:3      | Found a bloodstained altar of Trog.
  3018 | D:4      | Identified the +7 short sword "Sibucic" {vamp, rElec}
  3028 | D:4      | Found a staircase to the Ecumenical Temple.
  3036 | Temple   | Entered the Ecumenical Temple
  3076 | D:4      | Noticed Robin
  3108 | D:4      | Found Zanlayt's Assorted Antiques.
  3245 | D:4      | Killed Robin
  3252 | D:4      | Reached XP level 7. HP: 55/55 MP: 6/12
  3365 | D:4      | Found a runed translucent door.
  3366 | D:4      | Noticed Crazy Yiuf
  3379 | D:4      | Killed Crazy Yiuf
  3718 | D:5      | Entered Level 5 of the Dungeon
  3781 | D:5      | Reached skill level 1 in Short Blades
  3848 | D:5      | Noticed Grinder
  3909 | D:5      | Reached skill level 1 in Fighting
  4361 | D:5      | Reached XP level 8. HP: 18/64 MP: 1/15
  4466 | D:5      | Reached skill level 5 in Stealth
  4466 | D:5      | Reached skill level 5 in Spellcasting
  4517 | D:5      | Reached skill level 2 in Fighting
  4594 | D:5      | Found an iron altar of Okawaru.
  4635 | D:6      | Reached skill level 5 in Conjurations
  4732 | D:6      | Learned a level 4 spell: Leda's Liquefaction
  4847 | D:6      | Reached skill level 1 in Earth Magic
  5192 | D:7      | Reached skill level 3 in Fighting
  5298 | D:6      | Reached XP level 9. HP: 37/76 MP: 13/18
  5391 | D:7      | Reached skill level 5 in Alchemy
  5517 | D:7      | Reached skill level 4 in Fighting
  5523 | D:7      | Noticed Maggie
  5593 | D:7      | Killed Maggie
  5613 | D:7      | Reached skill level 5 in Fighting
  5747 | D:7      | Reached XP level 10. HP: 55/91 MP: 15/20
  5754 | D:7      | Learned a level 5 spell: Fireball
  5816 | D:7      | Reached skill level 1 in Fire Magic
  6059 | D:7      | Found Jooroj's Book Boutique.
  6560 | D:5      | Killed Grinder
  6620 | D:4      | Bought a glowing broad axe for 196 gold pieces
  6621 | D:4      | Bought a scroll of identify for 56 gold pieces
  7031 | D:8      | Found Upisocoy's Magic Scroll Shop.
  7039 | D:8      | Bought a scroll of teleportation for 39 gold pieces
  7126 | D:8      | Reached skill level 6 in Fighting
  7236 | D:8      | Reached skill level 1 in Axes
  7533 | D:8      | Found a blossoming altar of Fedhas.
  7959 | D:9      | Found a radiant altar of Vehumet.
  7992 | D:9      | Found a snail-covered altar of Cheibriados.
  8005 | D:9      | Reached skill level 5 in Fire Magic
  8020 | D:9      | Reached XP level 11. HP: 50/99 MP: 13/22
  8028 | D:9      | Became a worshipper of Cheibriados the Contemplative
  8158 | D:9      | Reached skill level 5 in Axes
  8503 | D:10     | Entered Level 10 of the Dungeon
  8833 | D:10     | Reached skill level 1 in Armour
  8900 | D:10     | Reached skill level 1 in Shields
  8917 | D:10     | Reached * piety under Cheibriados
  8918 | D:10     | Reached skill level 7 in Fighting
  9111 | D:10     | Reached skill level 1 in Evocations
  9600 | D:11     | Noticed a cyclops
  9851 | D:11     | Killed a cyclops
  9923 | D:11     | Noticed a two-headed ogre
  9954 | D:11     | Killed a two-headed ogre
  9954 | D:11     | Reached ** piety under Cheibriados
  9955 | D:11     | Reached skill level 8 in Fighting
  9955 | D:11     | Reached XP level 12. HP: 83/110 MP: 10/24
  9989 | D:11     | Identified the ring of Fefi {Will+ Dex+4 SInv}
  9990 | D:11     | Noticed a centaur warrior
  9990 | D:11     | Identified the +8 rapier "Lefuc" {flame, ^Fragile rElec rC+
                  | Dex+4}
 10157 | D:11     | Noticed a seven-headed hydra
 10382 | D:11     | Found a staircase to the Lair.
 10530 | D:12     | Noticed a two-headed ogre
 10540 | D:12     | Killed a two-headed ogre
 10653 | D:12     | Found a staircase to the Orcish Mines.
 10738 | D:12     | Reached skill level 9 in Fighting
 10827 | D:12     | Learned a level 2 spell: Lesser Beckoning
 10832 | D:12     | Learned a level 4 spell: Sticky Flame
 10977 | D:12     | Noticed a two-headed ogre
 10990 | D:12     | HP: 5/114 [burnt (4)]
 10993 | D:12     | Incinerated by a deep elf pyromancer

Illustrated notes

Levels and vault maps discovered:
D:1:      amcnicky_arrival_single_pillar, layout_basic,
          chequers_serial_rivers_micro_b, minmay_close_crescents
D:2:      layout_basic, serial_aquarium, aquarium_bridge_square
          [aquarium_subvault_bridge, aquarium_subvault_window,
          aquarium_subvault_wall, aquarium_subvault_bridge],
          aquarium_window_fake, aquarium_window_2, aquarium_window_1,
          aquarium_window_1, aquarium_view_2f, aquarium_view_4, aquarium_pool_2,
          minmay_octomino_e4, uniq_sigmund
D:3:      layout_basic, grunt_temple_overflow_diamond,
          mainiacjoe_overflow_paths, nicolae_grassy_gnolls
D:4:      layout_basic, minmay_temple_entry_slanted, serial_shops,
          nicolae_shop_tiny_statue_garden, uniq_robin, uniq_crazy_yiuf_cottage
D:5:      nicolae_cairo_tiling_large, layout_basic, okawaru_ov_weapons_minmay,
          nicolae_figureground_pulse, uniq_grinder
D:6:      layout_rooms
D:7:      cheibrodos_steamvent, layout_rooms, serial_shops, shop, serial_bayou,
          serial_bayou_lagoon_a, serial_bayou_pond_a, serial_bayou_shore_b,
          serial_bayou_pond_e, minmay_bent, uniq_maggie
D:8:      layout_cave_pods, mainiacjoe_overflow_chevrons, serial_shops, shop
D:9:      layout_loops_ring, mainiacjoe_overflow_cross_hatched,
          mainiacjoe_overflow_six_doors_small
D:10:     cheibrodos_grave_circle, layout_stronghold
D:11:     layout_gridville, grunt_lair_entry_orc_guard_hut, serial_bayou,
          serial_bayou_shore_b, serial_bayou_shore_b, serial_bayou_pond_e,
          serial_bayou_pond_e, minivault_12
D:12:     layout_irregular_city, orc_0_dummy, grunt_ministairs_11,
          hellmonk_guarded_unrand_sphere_of_battle
Temple:   compressed_dpeg_circular_temple

Skill      XL: |  1  2  3  4  5  6  7  8  9 10 11 12 |
---------------+-------------------------------------+-----
Conjurations   | 2 3 4 5 |  5.0
Air Magic      | 1 3 |  3.0
Alchemy        | 1 3 4 5 |  5.0
Spellcasting   | 4 6 7 8 |  8.8
Short Blades   | 1 2 |  2.0
Fighting       | 1 3 5 6 8 9 |  9.1
Dodging        | 2 3 4 |  4.0
Stealth        | 4 5 6 7 8 |  8.0
Earth Magic    | 2 4 |  4.7
Fire Magic     | 5 |  5.0
Axes           | 4 6 |  6.0
Armour         | 3 |  3.0
Shields        | 3 4 |  4.8
Evocations     | 2 |  2.0
Summonings     | |  1.0
Translocations | |  1.0

Action                     |  1- 3 |  4- 6 |  7- 9 | 10-12 || total
---------------------------+-------+-------+-------+-------++-------
  Melee: Long sword        |    14 |    48 |       |       ||    62
         Short sword       |       |    11 |   201 |    68 ||   280
         Broad axe         |       |       |       |   290 ||   290
  Throw: Stone             |       |    17 |    23 |       ||    40
         Throwing net      |       |     1 |     4 |     2 ||     7
         Dart              |       |       |    12 |    52 ||    64
   Cast: Magic Dart        |    50 |    40 |    52 |       ||   142
         Call Imp          |       |     2 |     1 |       ||     3
         Mephitic Cloud    |       |     4 |    28 |    44 ||    76
         Blink             |       |       |     6 |    10 ||    16
         Leda's Liquefacti |       |       |     2 |    10 ||    12
         Fireball          |       |       |       |    23 ||    23
Ability: Spit Poison       |    31 |    34 |    35 |    25 ||   125
         Begin Untransform |     1 |       |       |       ||     1
  Evoke: Wand              |       |       |     3 |     7 ||    10
    Use: Scroll            |     1 |     7 |     8 |    15 ||    31
         Potion            |       |       |     6 |     5 ||    11
   Stab: Sleeping          |       |     1 |     3 |     1 ||     5
         Confused          |       |     1 |    13 |    18 ||    32
         Held in net/web   |       |       |       |     1 ||     1
 Armour: Robe              |    27 |    37 |   154 |    24 ||   242
         Steam dragon scal |       |       |       |   204 ||   204
         Skin              |       |       |       |     1 ||     1
         Acid dragon scale |       |       |       |   294 ||   294
  Dodge: Dodged            |    11 |    39 |    99 |   309 ||   458
         Repelled          |       |     3 |    11 |    10 ||    24
  Block: Buckler           |       |       |       |    75 ||    75
   Form: Dragon            |     1 |       |       |       ||     1

Table legend: (Time is in decaauts)
 A = Elapsed time spent in this place.
 B = Non-inter-level travel time spent in this place.
 C = Inter-level travel time spent in this place.
 D = Time resting spent in this place.
 E = Time spent auto-exploring this place.
 F = Levels seen in this place.
 G = Mean time per level.
                   A        B        C        D        E       F      G
               +--------+--------+--------+--------+--------+-----+--------+
         Total |  16238 |  13779 |   2459 |     42 |   5904 |  13 | 1249.1 |
       Dungeon |  16236 |  13777 |   2459 |     42 |   5904 |  12 | 1353.0 |
        Temple |      1 |      1 |      0 |      0 |      0 |   1 |    1.0 |
               +--------+--------+--------+--------+--------+-----+--------+

Top non-repeatable levels by time:
    D:10: 1937 daAuts
     D:8: 1636 daAuts
     D:7: 1526 daAuts
     D:1: 1524 daAuts
     D:5: 1450 daAuts
     D:2: 1415 daAuts
    D:11: 1361 daAuts
     D:9: 1248 daAuts
     D:3: 1078 daAuts
     D:4: 1072 daAuts
    D:12: 1060 daAuts
     D:6: 926 daAuts
  Temple: 1 daAuts
